 Dungeon Crawl Stone Soup version 0.17-a0-1617-gfba1302 (webtiles) character file.

341 thrall606 the Conjurer (level 6, -1/44 HPs)
             Began as a Demonspawn Conjurer on Aug 1, 2015.
             Slain by a worker ant (5 damage)
             ... on level 4 of the Dungeon.
             The game lasted 00:25:38 (4556 turns).

thrall606 the Conjurer (Demonspawn Conjurer)        Turns: 4556, Time: 00:25:38

Health: -1/44      AC:  3    Str:  8 (9)  XL:     6   Next: 30%
Magic:  2/10       EV: 13    Int: 18      God:
Gold:   222        SH:  0    Dex: 12 (13) Spells: 3 memorised, 4 levels left

rFire  + . .     SeeInvis +     u - +1 flail (drain)
rCold  . . .     Clarity  .     v - -2 robe
rNeg   . . .     SustAt   .     (no shield)
rPois  .         Gourm    .     (helmet restricted)
rElec  .         Spirit   .     (no cloak)
rCorr  .         Warding  .     (no gloves)
rMut   .         Stasis   .     (no boots)
MR     .....                    (no amulet)
Stlth  +++.......               (no ring)
                                (no ring)

@: lethally poisoned (-1 -> -3), not resistant to hostile enchantments, fairly
stealthy
A: antennae 1, slimy green scales 2, see invisible, deterioration 1, fire
resistance 1, nightstalker 1, powered by pain 1
a: no special abilities


You were on level 4 of the Dungeon.
You were not hungry.

You visited 1 branch of the dungeon, and saw 4 of its levels.

You collected 222 gold pieces.

Inventory:

Hand weapons
 e - a +0 dagger
 g - a +0 short sword
 i - a +2 mace
 m - a +0 dagger
 n - a +0 hand axe
 q - a +0 mace
 t - a +0 war axe
 u - a +1 flail of draining (weapon)
Armour
 a - a +1 robe
 l - a +0 robe
 v - a -2 robe (worn)
Scrolls
 d - a scroll of teleportation
 k - a scroll of identify
 o - a scroll of remove curse
Books
 b - a book of Conjurations

   Spells                             Type                      Level
   a - Magic Dart                     Conjuration                  1
   b - Searing Ray                    Conjuration                  2
   c - Dazzling Spray                 Conjuration/Hexes            3
   d - Fulminant Prism                Conjuration/Hexes            4
   e - Iskenderun's Mystic Blast      Conjuration                  4
   f - Iskenderun's Battlesphere      Conjuration/Charms           5
Comestibles
 c - 2 bread rations
 h - 2 meat rations
 j - a beef jerky
 p - 5 fruits
 r - 2 chunks of flesh


   Skills:
 + Level 1.7 Fighting
 + Level 0.1(0.5) Axes
 + Level 1.0 Maces & Flails
 + Level 3.6 Dodging
 + Level 2.2 Stealth
 + Level 0.3 Unarmed Combat
 + Level 3.2 Spellcasting
 + Level 5.2 Conjurations


You had 4 spell levels left.
You knew the following spells:

 Your Spells              Type           Power        Failure   Level  Hunger
a - Magic Dart            Conj           ###.         1%          1    None
b - Searing Ray           Conj           ###...       2%          2    ##.....
c - Iskenderun's Mystic   Conj           ###.....     21%         4    ####...


Dungeon Overview and Level Annotations

Branches:
Dungeon (4/15)
 Temple: D:4-7

Altars:
Cheibriados
Fedhas
Gozag
Nemelex Xobeh


Innate Abilities, Weirdness & Mutations

You have a pair of small antennae on your head.
You are mostly covered in slimy green scales (AC +3).
You are slightly more attuned to the shadows.
You sometimes gain a little power by taking damage.
You have supernaturally acute eyesight.
Your body sometimes deteriorates upon taking damage.
Your flesh is heat resistant.


Message History

You sock the orc wizard!
You kill the orc wizard!
Your base Maces & Flails skill increases to level 1!
Your life force feels restored.
The worker ant bites you.
* * * LOW HITPOINT WARNING * * *
You are lethally poisoned!
The worker ant poisons you! The orc hits you with a flail.
* * * LOW HITPOINT WARNING * * *
The worker ant closely misses you.
Drink which item? (? for menu, Esc to quit)
You feel better. The orc misses you. The worker ant closely misses you.
The worker ant bites you.
* * * LOW HITPOINT WARNING * * *
You are poisoned.
The worker ant poisons you!
You feel sick. The worker ant barely misses you.
You feel sick.
You feel sick. The worker ant bites you.
You die...

#............#
#............#
#............#
#########....# ##...# ###
##..# ##.### ##.## ###....#
########..# ##.......
###....@....####.....>..
##.......ao...##.........
###...........#.##.........
##....)........#..#.........
#.....).......###...........
..............# #...........
....).....)..## ##..........
##...........####...........
##........####...####.#.>..


You could see a worker ant and an orc.

Vanquished Creatures
  2 orc wizards (D:4)
  An orc priest (D:4)
  A centaur skeleton (D:4)
  An iguana (D:4)
  2 worker ants (D:4)
  3 gnolls (D:2)
  4 adders
  An ooze (D:2)
  A worm (D:4)
  5 giant geckos
  10 orcs
  3 ball pythons
  9 bats
  6 giant cockroaches
  5 goblins
  7 hobgoblins
  6 giant newts
  2 kobolds
  6 rats
75 creatures vanquished.

Notes
Turn   | Place    | Note
--------------------------------------------------------------
     0 | D:1      | thrall606 the Demonspawn Conjurer began the quest for the Orb.
     0 | D:1      | Reached XP level 1. HP: 13/13 MP: 3/3
   275 | D:1      | Gained mutation: You have a pair of small antennae on your head. [demonic ancestry]
   275 | D:1      | Reached XP level 2. HP: 19/19 MP: 0/5
   662 | D:1      | Learned a level 2 spell: Searing Ray
   946 | D:2      | Found an opulent altar of Gozag.
   959 | D:2      | Found a sparkling altar of Nemelex Xobeh.
  1024 | D:2      | Gained mutation: You are slightly more attuned to the shadows. [demonic ancestry]
  1024 | D:2      | Reached XP level 3. HP: 21/25 MP: 0/6
  1328 | D:2      | Found a blossoming altar of Fedhas.
  1854 | D:2      | Gained mutation: You are partially covered in slimy green scales (AC +2). [demonic ancestry]
  1854 | D:2      | Reached XP level 4. HP: 31/31 MP: 0/7
  2533 | D:3      | Gained mutation: Your body sometimes deteriorates upon taking damage. [potion of mutation]
  2533 | D:3      | Lost mutation: Your body sometimes deteriorates upon taking damage. [potion of mutation]
  2533 | D:3      | Gained mutation: Your magical capacity is low (-10% MP). [potion of mutation]
  2534 | D:3      | Lost mutation: Your magical capacity is low (-10% MP). [potion of cure mutation]
  2624 | D:3      | Gained mutation: Your flesh is heat resistant. [potion of mutation]
  2624 | D:3      | Gained mutation: Your body sometimes deteriorates upon taking damage. [potion of mutation]
  2624 | D:3      | Gained mutation: You have supernaturally acute eyesight. [potion of mutation]
  3388 | D:3      | Found a snail-covered altar of Cheibriados.
  3634 | D:4      | Reached skill level 1 in Fighting
  3873 | D:4      | Reached skill level 5 in Conjurations
  3873 | D:4      | Gained mutation: You sometimes gain a little power by taking damage. [demonic ancestry]
  3873 | D:4      | Reached XP level 5. HP: 26/37 MP: 0/9
  4228 | D:4      | Learned a level 4 spell: Iskenderun's Mystic Blast
  4443 | D:4      | Gained mutation: You are mostly covered in slimy green scales (AC +3). [demonic ancestry]
  4443 | D:4      | Reached XP level 6. HP: 36/43 MP: 2/10
  4547 | D:4      | Reached skill level 1 in Maces & Flails
  4547 | D:4      | HP: 1/44 [orc/flail (2)]
  4556 | D:4      | Slain by a worker ant

Vault maps used:
D:1:      dpeg_arrival_tiny_j, st_stairs_11
D:2:      nicolae_overflow_crystal_walls, lemuel_crystal_altar, fedhas_altar_2,
          serial_bayou, serial_bayou_pond_a, serial_bayou_shore_a,
          serial_bayou_pond_d, serial_bayou_crossing, nicolae_ru_path_of_blood
D:3:      overflow_temple_1_default, minmay_misc_feat_pillars
D:4:      first_bread

Action                   |  1- 3 |  4- 6 || total
-------------------------+-------+-------++-------
Melee: Unarmed           |     8 |       ||     8
       Mace              |    36 |    45 ||    81
       Dagger            |     5 |       ||     5
       War axe           |       |    19 ||    19
       Flail             |       |    15 ||    15
 Cast: Magic Dart        |    27 |       ||    27
       Searing Ray       |    22 |    56 ||    78
  Use: Potion            |     5 |     8 ||    13
       Scroll            |     6 |     4 ||    10
  Eat: Chunk             |     5 |     7 ||    12
       Bread ration      |       |     1 ||     1
